 Dungeon Crawl Stone Soup version 0.17-a0-1831-gaadb308 (webtiles) character file.

415 George the Shield-Bearer (level 6, -2/39 HPs)
             Began as a Gargoyle Fighter on Sept 14, 2015.
             Killed by nerve-wracking pain
             ... invoked by an orc priest
              (11 damage)
             ... on level 3 of the Dungeon.
             The game lasted 00:04:12 (2015 turns).

George the Shield-Bearer (Gargoyle Fighter)         Turns: 2015, Time: 00:04:12

Health: -2/39      AC: 19    Str: 19    XL:     6   Next: 91%
Magic:  6/6        EV:  5    Int:  9    God:
Gold:   112        SH: 10    Dex: 11    Spells: 0 memorised, 5 levels left

rFire  . . .     SeeInvis .     m - +0 morningstar
rCold  . . .     Clarity  .     k - +3 chain mail
rNeg   + . .     SustAt   .     c - +0 shield
rPois  ∞         Gourm    .     (no helmet)
rElec  +         Spirit   .     (no cloak)
rCorr  .         Warding  .     j - +1 pair of gloves
rMut   .         Stasis   .     (no boots)
MR     .....                    n - amulet of inaccuracy (curse)
Stlth  ..........               (no ring)
                                (no ring)

@: not resistant to hostile enchantments, extremely unstealthy
A: negative energy resistance 1, electricity resistance, unbreathing,
petrification resistance, rot immunity, AC +4
a: no special abilities


You were on level 3 of the Dungeon.
You were not hungry.

You visited 1 branch of the dungeon, and saw 3 of its levels.

You collected 112 gold pieces.

Inventory:

Hand weapons
 m - a +0 morningstar (weapon)
Armour
 c - a +0 shield (worn)
 j - a +1 pair of gloves (worn)
 k - a +3 chain mail (worn)
Jewellery
 n - a cursed amulet of inaccuracy (around neck)
Magical devices
 i - a wand of magic darts (32)
Comestibles
 e - a bread ration
 g - 3 royal jellies
 h - a beef jerky


   Skills:
 + Level 4.6 Fighting
 + Level 4.0 Maces & Flails
 + Level 4.9 Armour
 + Level 5.2 Shields


You had 5 spell levels left.
You didn't know any spells.

Dungeon Overview and Level Annotations

Branches:
Dungeon (3/15)

Altars:
Ashenzari
Makhleb
Yredelemnul
The Shining One


Innate Abilities, Weirdness & Mutations

You are resistant to torment.
Your stone body is resilient (AC +4).
You are immune to poison.
You resist negative energy.
You are resistant to electric shocks.
You can survive without breathing.
You are immune to petrification.
You are immune to rotting.


Message History

Your +1 pair of gloves unmelds from your body.
Your +3 chain mail unmelds from your body.
The orc priest hits you but does no damage.
Items here: ! )) [ †† Your chain mail prevents you from hitting the orc priest.
The orc priest is lightly wounded.
The orc priest hits you.
* * * LOW HITPOINT WARNING * * *
Your chain mail prevents you from hitting the orc priest.
The orc priest is lightly wounded.
The orc priest hits you but does no damage.
You block the orc priest's attack.
You completely miss the orc priest.
The orc priest is lightly wounded.
The orc priest hits you but does no damage.
You barely miss the orc priest.
The orc priest is lightly wounded.
The orc priest calls down the wrath of Beogh upon you.
Pain shoots through your body!
You die...

#........ .%.......
#........ #........
####(.......
..#@o......
#.#.#####.(
#######.#(#######
#.....@..).......
.P..######o#........
P ........########
..####...# #.#.#
#.#..# #.##.# #.# .#
### #.# .. #.#


You could see an orc priest.

Vanquished Creatures
  Grinder (D:3)
  2 orc priests (D:3)
  Terence (D:3)
  2 orc wizards (D:3)
  2 adders (D:2)
  2 worms (D:2)
  A giant gecko (D:1)
  3 orcs (D:3)
  A ball python (D:1)
  9 bats
  2 giant cockroaches (D:2)
  5 goblins (D:2)
  4 hobgoblins
  4 jackals (D:1)
  6 kobolds
  2 giant newts
  6 rats
53 creatures vanquished.

Notes
Turn   | Place    | Note
--------------------------------------------------------------
     0 | D:1      | George the Gargoyle Fighter began the quest for the Orb.
     0 | D:1      | Reached XP level 1. HP: 14/14 MP: 1/1
   159 | D:1      | Reached XP level 2. HP: 12/19 MP: 2/2
   680 | D:2      | Reached XP level 3. HP: 15/23 MP: 3/3
   908 | D:2      | Found a glowing golden altar of the Shining One.
   922 | D:2      | Found a shattered altar of Ashenzari.
   936 | D:2      | Reached skill level 4 in Shields
  1103 | D:2      | Reached XP level 4. HP: 28/28 MP: 4/4
  1480 | D:2      | Found a basalt altar of Yredelemnul.
  1495 | D:2      | Found a burning altar of Makhleb.
  1603 | D:3      | Noticed Grinder
  1624 | D:3      | Reached XP level 5. HP: 21/33 MP: 5/5
  1753 | D:3      | Paralysed by Grinder for 5 turns
  1761 | D:3      | Paralysed by Grinder for 5 turns
  1775 | D:3      | Killed Grinder
  1775 | D:3      | Reached skill level 5 in Shields
  1775 | D:3      | Reached XP level 6. HP: 12/39 MP: 6/6
  1953 | D:3      | Noticed Terence
  1983 | D:3      | Killed Terence
  2015 | D:3      | Killed from afar by an orc priest

Vault maps used:
D:1:      dpeg_arrival_erosion
D:2:      nicolae_overflow_quartered_altars, hangedman_abyss_or_decor_stabs
D:3:      uniq_grinder, uniq_crazy_yiuf_cottage, uniq_terence

Action                   |  1- 3 |  4- 6 || total
-------------------------+-------+-------++-------
Melee: Flail             |   135 |    80 ||   215
       Morningstar       |       |    54 ||    54
  Use: Potion            |       |     2 ||     2
       Scroll            |       |     1 ||     1
  Eat: Chunk             |     1 |     3 ||     4
